Map: 勒瑞萊克山巔

Players

Rose (Python)

  • Race: Zerg Zerg
  • League: Grandmaster

FWHas (Has) - Winner!

  • Race: Protoss Protoss
  • League: Master

Event: 2016 WCS Winter Challenger Taiwan

VOD

Have the link to the VOD?

Description

Time

  • Played on: Jan. 14, 2016, 6:51 a.m.
  • Length: 14:11

All games in this series

Show
View Real Time Build Order
Export as new Build Order

Rose Zerg 

Build Orders: Hatch First, Lurkers 

Get SALT Encoding   

  12  0:00  Drone  
  13  0:08  Drone  
  14  0:17  Overlord  
  14  0:25  Drone, Extractor  
  15  0:35  Drone x2  
  17  0:53  Hatchery  
  17  0:55  Drone  
  17  1:09  Spawning Pool  
  16  1:11  Extractor  
  16  1:12  Drone  
  16  1:17  Drone  
  17  1:20  Drone  
  18  1:30  Drone  
  19  1:39  Overlord  
  19  1:55  Queen  
  19  1:56  Zergling x2  
  19  1:59  Drone  
  23  2:08  Drone, Queen  
  24  2:11  Drone  
  27  2:17  Metabolic Boost  
  27  2:19  Drone  
  28  2:29  Drone  
  30  2:30  Drone  
  30  2:38  Overlord  
  30  2:45  Hatchery  
  30  2:47  Drone  
  31  2:51  Zergling x4  
  31  2:54  Zergling x2  
  32  3:02  Zergling x2  
  29  3:24  Drone x7  
  34  3:31  Drone  
  35  3:36  Drone  
  35  3:38  Overlord  
  36  3:46  Drone  
  36  3:48  Queen  
  37  3:52  Overlord  
  39  3:59  Drone x3  
  40  4:11  Spore Crawler  
  40  4:12  Spore Crawler  
  38  4:17  Zergling x14  
  38  4:18  Drone  
  39  4:34  Drone  
  39  4:35  Drone x7  
  47  4:41  Spore Crawler  
  47  4:42  Drone  
  47  4:47  Drone x2  
  49  4:54  Drone  
  49  4:57  Drone x3  
  53  5:02  Drone x3  
  56  5:08  Overlord  
  56  5:09  Drone x2  
  56  5:12  Extractor  
  56  5:16  Overlord, Drone x2  
  56  5:17  Drone  
  59  5:24  Overlord, Drone x2  
  59  5:25  Drone  
  62  5:34  Drone x2  
  62  5:35  Drone x5  
  68  5:40  Roach Warren  
  67  5:43  Lair  
  67  5:44  Drone  
  68  5:51  Drone x4  
  71  6:00  Extractor  
  71  6:01  Extractor  
  71  6:02  Drone  
  71  6:03  Drone  
  71  6:04  Drone  
  71  6:05  Drone x6  
  71  6:07  Overlord  
  78  6:19  Overlord  
  78  6:21  Evolution Chamber  
  78  6:24  Extractor  
  78  6:25  Extractor  
  75  6:27  Drone x3  
  78  6:33  Overlord x2  
  78  6:34  Roach x3  
  78  6:37  Roach  
  78  6:39  Queen  
  88  6:41  Queen  
  88  6:43  Roach x4  
  88  6:46  Hatchery, Glial Reconstitution  
  88  6:58  Roach  
  88  6:59  Roach x4, Hydralisk Den  
  89  7:08  Ravager x2  
  91  7:15  Roach x2  
  94  7:16  Zergling x4, Roach x2  
  97  7:27  Drone x6  
  103  7:31  Zerg Missile Weapons Level 1  
  103  7:36  Drone  
  103  7:37  Drone x3  
  105  7:51  Roach x5  
  105  7:53  Spore Crawler  
  104  8:03  Roach  
  104  8:04  Roach x5  
  104  8:05  Roach x2  
  116  8:08  Ravager  
  117  8:21  Hydralisk x4  
  117  8:22  Overlord  
  117  8:23  Overlord  
  125  8:29  Overlord  
  125  8:30  Overlord  
  125  8:35  Drone x2  
  125  8:37  Overlord  
  127  8:45  Spore Crawler  
  126  8:51  Lurker Den  
  126  8:57  Drone x3  
  126  9:00  Drone x3  
  126  9:01  Drone x5  
  126  9:02  Overlord, Drone  
  138  9:08  Ravager x2  
  138  9:09  Hydralisk x4, Ravager x2  
  142  9:11  Roach  
  152  9:20  Overseer  
  152  9:21  Overseer  
  152  9:23  Extractor x2  
  148  9:24  Hydralisk x3  
  148  9:25  Roach x2  
  148  9:26  Zergling x2  
  162  9:38  Zergling x4, Roach x3  
  162  9:39  Zergling x2, Roach x2  
  162  9:41  Ravager  
  162  9:43  Overlord x2  
  171  9:46  Overlord  
  171  9:54  Overlord x2  
  171  9:55  Hydralisk  
  171  10:05  Hydralisk  
  171  10:06  Hydralisk, Roach x2  
  128  10:14  Hydralisk x2  
  128  10:15  Roach x2  
  128  10:19  Hydralisk  
  128  10:20  Roach  
  118  10:30  Hydralisk x2, Roach  
  118  10:31  Roach  
  118  10:33  Lurker x2  
  118  10:34  Lurker x2  
  130  10:36  Overseer  
  130  10:45  Hydralisk  
  130  10:46  Hydralisk x2, Roach x2  
  130  10:47  Roach  
  136  10:54  Hydralisk  
  136  10:55  Roach  
  135  11:01  Hydralisk x2, Roach  
  138  11:11  Queen  
  138  11:12  Spine Crawler, Overlord  
  131  11:31  Hydralisk x3  
  131  11:32  Roach x4  
  139  11:37  Overseer  
  139  11:53  Hydralisk x2, Roach x2  
  139  11:54  Roach  
  149  11:55  Ravager  
  149  11:56  Hatchery, Ravager  
  149  11:57  Ravager  
  151  12:05  Lurker x2  
  151  12:06  Lurker  
  154  12:13  Roach x6  
  164  12:33  Hydralisk x2, Roach  
  164  12:34  Roach  
  166  12:43  Hydralisk  
  155  12:44  Roach  
  142  13:09  Zergling x6  
  145  13:23  Hydralisk, Roach  
  149  13:28  Hatchery  
  149  13:33  Ravager  
  149  13:34  Hydralisk, Ravager x3  
Show
View Real Time Build Order
Export as new Build Order

FWHas Protoss - Winner!

Build Orders: Oracle Opening 

Get SALT Encoding   

  12  0:01  Probe (Chrono Boost)  
  13  0:11  Probe (Chrono Boost)  
  14  0:17  Pylon  
  14  0:22  Probe (Chrono Boost)  
  16  0:35  Probe (Chrono Boost)  
  16  0:38  Gateway  
  16  0:46  Probe (Chrono Boost)  
  16  0:49  Assimilator  
  17  0:56  Probe (Chrono Boost)  
  18  1:00  Gateway  
  18  1:07  Probe (Chrono Boost)  
  19  1:17  Probe (Chrono Boost)  
  20  1:25  Cybernetics Core  
  20  1:26  Pylon  
  20  1:28  Probe (Chrono Boost)  
  21  1:54  Nexus  
  21  2:05  Adept (Chrono Boost)  
  21  2:07  Adept (Chrono Boost)  
  25  2:13  Probe  
  26  2:19  Assimilator  
  26  2:25  Probe (Chrono Boost)  
  26  2:29  Stargate  
  27  2:37  Pylon  
  27  2:40  Probe (Chrono Boost)  
  29  2:54  Mothership Core (Chrono Boost)  
  30  3:09  Probe (Chrono Boost)  
  30  3:12  Probe (Chrono Boost)  
  32  3:18  Probe (Chrono Boost)  
  33  3:22  Probe (Chrono Boost)  
  33  3:25  Oracle (Chrono Boost)  
  33  3:28  Probe  
  33  3:31  Warp Gate  
  33  3:33  Forge  
  34  3:34  Probe  
  34  3:36  Gateway  
  35  3:42  Probe  
  35  3:43  Pylon  
  35  3:46  Probe  
  37  3:53  Probe  
  37  3:58  Probe  
  37  4:03  Probe  
  37  4:08  Pylon  
  36  4:10  Probe  
  36  4:14  Probe  
  38  4:22  Probe  
  39  4:24  Probe  
  40  4:34  Probe  
  40  4:35  Probe  
  42  4:39  Adept x3  
  42  4:43  Pylon  
  48  4:45  Probe  
  48  4:46  Oracle (Chrono Boost)  
  48  4:47  Probe  
  48  4:50  Protoss Ground Weapons Level 1  
  53  4:56  Probe, Robotics Facility  
  53  4:59  Probe  
  55  5:06  Probe  
  55  5:11  Probe  
  57  5:16  Nexus  
  57  5:18  Assimilator x2  
  57  5:20  Pylon  
  57  5:23  Probe  
  57  5:24  Probe  
  58  5:36  Nexus  
  58  5:37  Probe, Pylon  
  58  5:42  Adept x3  
  66  5:48  Warp Prism (Chrono Boost)  
  66  5:49  Probe  
  68  5:56  Photon Cannon  
  68  5:59  Probe  
  68  6:01  Probe  
  70  6:08  Adept x3  
  70  6:11  Probe  
  77  6:17  Twilight Council  
  77  6:21  Probe  
  78  6:27  Assimilator  
  78  6:32  Assimilator  
  78  6:34  Pylon  
  78  6:36  Pylon  
  78  6:48  Probe x2  
  80  7:00  Probe x2  
  81  7:01  Probe  
  81  7:05  Sentry x3  
  89  7:10  Probe  
  89  7:12  Gateway  
  89  7:13  Gateway  
  89  7:14  Probe  
  91  7:15  Gateway  
  91  7:16  Probe  
  91  7:17  Gateway  
  91  7:22  Probe  
  86  7:25  Blink (Chrono Boost)  
  86  7:26  Probe  
  86  7:28  Probe  
  86  7:29  Protoss Ground Weapons Level 2 (Chrono Boost)  
  89  7:31  Immortal  
  89  7:33  Probe  
  94  7:38  Probe  
  94  7:40  Probe  
  94  7:47  Adept x3  
  94  7:51  Probe  
  98  7:52  Probe  
  98  7:55  Probe  
  88  8:08  Pylon  
  88  8:11  Pylon  
  84  8:14  Pylon  
  84  8:17  Immortal  
  84  8:19  Sentry x2  
  92  8:20  Sentry x2  
  92  8:21  Stalker x2  
  92  8:22  Stalker  
  102  8:29  Gateway  
  102  8:32  Pylon, Gateway  
  102  8:44  Stalker  
  102  8:45  Stalker x6  
  116  8:57  Observer  
  116  9:00  Pylon  
  117  9:11  Stalker x5  
  117  9:12  Stalker x2  
  131  9:25  Pylon  
  131  9:26  Pylon  
  129  9:38  Stalker  
  129  9:39  Stalker x5  
  129  9:40  Stalker x2  
  129  9:41  Stalker  
  119  10:16  Stalker x3  
  119  10:17  Stalker x3  
  119  10:18  Stalker x3  
  114  10:31  Warp Prism  
  114  10:34  Robotics Bay  
  114  10:37  Robotics Facility  
  116  10:43  Protoss Ground Weapons Level 3 (Chrono Boost)  
  116  10:46  Nexus  
  114  11:05  Stalker x2  
  114  11:06  Stalker x5  
  114  11:07  Stalker  
  130  11:16  Pylon, Mothership Core, Disruptor  
  130  11:18  Pylon  
  132  11:20  Pylon  
  129  11:38  Disruptor  
  128  11:47  Disruptor  
  128  11:51  Adept x2  
  128  11:52  Adept  
  128  11:53  Adept  
  139  12:00  Assimilator  
  139  12:04  Assimilator  
  139  12:07  Sentry x5  
  149  12:14  Sentry x2, Disruptor  
  156  12:18  Disruptor  
  147  12:49  Disruptor  
  147  12:50  Disruptor  
  137  13:03  Stalker x5  
  128  13:11  Stalker x3  
  126  13:15  Stalker  
  128  13:21  Disruptor  
  128  13:27  Observer  
  132  13:28  Stalker x5  
  142  13:36  Stalker  
  142  13:37  Stalker x2  
  135  14:02  Stalker x2  
Tags
 
Add a new tag
Caveats
  • Supply blocks, unpowered buildings, or Contaminate may cause inaccurate times.
  • Supply counts are checked every 10 seconds.